 Dungeon Sprint DCSS version 0.19.0-22-gd96e5fe (webtiles) character file.

889 equalderp2856 the Unseen (level 7, -1/35 HPs)
             Began as a Felid Fighter on Nov 18, 2016.
             Succumbed to a ghost moth's poison
             ... in the Dungeon (Sprint IV: "Fedhas' Mad Dash").
             The game lasted 00:08:03 (1586 turns).

equalderp2856 the Unseen (Felid Fighter)            Turns: 1586, Time: 00:08:03

Health: -1/35      AC:  2    Str: 13    XL:     7   Next: 77%
Magic:  14/15      EV: 25    Int: 10    God:
Gold:   220        SH:  0    Dex: 17    Spells: 0 memorised, 6 levels left
                                        Lives:  0   Deaths: 2

rFire  . . .     SeeInvis +       - Unarmed
rCold  . . .     Gourm    .     (armour unavailable)
rNeg   . . .     Faith    .     (shield unavailable)
rPois  .         Spirit   .     (helmet unavailable)
rElec  .         Reflect  .     (cloak unavailable)
rCorr  .         Harm     .     (gloves unavailable)
MR     +....     NoTele   +     (boots unavailable)
Stlth  ++++++++..               j - amulet of invisibility {+Inv}
                                (no ring)
                                (no ring)

@: lethally poisoned (-1 -> -52), very slightly contaminated, studying Earth
Magic, invisible, quick
A: no armour, no weapons or thrown items, stealth, claws 1, fangs 3, see
invisible, carnivore 3, speed 1, shaggy fur 2, slow metabolism 1, sharp paws
a: Turn Visible


You were in the Dungeon.
You were not hungry.

You visited 1 branch You collected 220 gold pieces.

Inventory:

Jewellery
 j - the amulet of invisibility (around neck) {+Inv}
   (You found it in the Dungeon)

   [amulet of nothing]

   It lets you turn invisible.
Scrolls
 h - a scroll of blinking
 i - 2 scrolls of identify {unknown}
 k - 2 scrolls of remove curse {unknown}
Potions
 a - a potion of might
 e - a potion of haste
 f - 2 potions of magic
 g - a potion of berserk rage
Books
 m - a manual of Earth Magic
Miscellaneous
 d - a sack of spiders
Comestibles
 b - 2 meat rations
 l - a slice of pizza
 n - 3 royal jellies


   Skills:
 + Level 6.3 Fighting
 + Level 9.6 Dodging
 * Level 18.6 Stealth
 + Level 12.8 Unarmed Combat
 + Level 10.1 Evocations


You had 6 spell levels left.
You didn't know any spells.

Dungeon Overview and Level Annotations

Branches:
Dungeon (1/1)

Altars:
Cheibriados
Dithmenos
Elyvilon
Gozag
Hepliaklqana
Kikubaaqudgha
Makhleb
Nemelex Xobeh
Okawaru
Qazlal
Ru
Sif Muna
Trog
Uskayaw
Vehumet
Xom
Yredelemnul
Zin
The Shining One
Beogh
Jiyva
Lugonu

Shops:
D %(%%


Innate Abilities, Weirdness & Mutations

You cannot wear armour.
You are incapable of wielding weapons or throwing items.
Your paws allow you to move quietly. (Stealth)
You have sharp claws.
You have razor-sharp teeth.
You have supernaturally acute eyesight. (SInv)
You are carnivorous and can eat meat at any time.
You cover ground quickly.
You are covered in thick fur. (AC +2)
You have a slow metabolism.
Your sharp claws are effective at attacking unaware monsters.


Message History

The ghost moth stings you.
You are lethally poisoned!
The ghost moth poisons you!
You completely miss the ghost moth. Your claw misses the ghost moth.
The ghost moth is lightly wounded.
You feel very sick.
You scratch the ghost moth.
The ghost moth is lightly wounded.
* * * LOW HITPOINT WARNING * * *
You feel very sick.
You closely miss the ghost moth.
The ghost moth is lightly wounded.
* * * LOW HITPOINT WARNING * * *
You feel very sick.
The ghost moth completely misses you. x2; The ghost moth misses you.
You scratch the ghost moth. You bite the ghost moth.
The ghost moth is lightly wounded.
* * * LOW HITPOINT WARNING * * *
You feel very sick.
You die...

....#.....#.⌠._._._._.⌠.#..'.))#.
....'.#)..'.._._._._._..'..#...#.
....#.#...#..._._._._...#..###'##
########'##.._._._._._..#..##∩∩.'
......'...#.⌠._._._._.⌠.#########
♣.....#...###############
..♣..######♣♣♣♣♣).♣%#
'######.['...††.♣†.♣#
.'.......#♣..♣♣♣@♣..#
##.......#.♣♣.)♣.y.♣+ ##########
#######


You could see a ghost moth (wandering).

Vanquished Creatures
  A spriggan druid (D)
  2 oklob plants (D)
  3 burning bushes (D)
  3 wandering mushrooms (D)
  A queen bee (D)
  A hornet (D)
  2 scorpions (D)
  4 killer bees (D)
  5 oklob saplings (D)
  A worker ant (D)
  2 spriggans (D)
  A river rat (D)
  A rat (D)
27 creatures vanquished.

Notes
Turn   | Place    | Note
-------+----------+-------------------------------------------
     0 | D        | equalderp2856 the Felid Fighter began the quest for the Orb.
     0 | D        | Reached XP level 1. HP: 10/10 MP: 2/2
    15 | D        | Reached skill level 5 in Unarmed Combat
    15 | D        | Reached XP level 2. HP: 14/14 MP: 3/3
    40 | D        | Noticed an oklob sapling
    43 | D        | Killed an oklob sapling
    43 | D        | Reached skill level 5 in Dodging
    43 | D        | Reached skill level 2 in Stealth
    43 | D        | Reached XP level 3. HP: 18/18 MP: 4/4
    48 | D        | Reached skill level 3 in Stealth
    72 | D        | Found an opulent altar of Gozag.
    72 | D        | Found a hazy altar of Hepliaklqana.
    72 | D        | Found a burning altar of Makhleb.
    72 | D        | Found a roughly hewn altar of Beogh.
    72 | D        | Found a sparkling altar of Nemelex Xobeh.
    72 | D        | Found a snail-covered altar of Cheibriados.
    72 | D        | Found a sacrificial altar of Ru.
    72 | D        | Found a deep blue altar of Sif Muna.
    72 | D        | Found a shimmering altar of Xom.
    72 | D        | Found a basalt altar of Yredelemnul.
    73 | D        | Found a viscous altar of Jiyva.
    73 | D        | Found a bloodstained altar of Trog.
    73 | D        | Noticed an oklob sapling priest
    74 | D        | Found an iron altar of Okawaru.
    74 | D        | Found a shadowy altar of Dithmenos.
    74 | D        | Found a glowing silver altar of Zin.
    75 | D        | Found an ancient bone altar of Kikubaaqudgha.
    75 | D        | Found a hide-covered altar of Uskayaw.
    76 | D        | Found a stormy altar of Qazlal.
    76 | D        | Found a white marble altar of Elyvilon.
    76 | D        | Found a glowing golden altar of the Shining One.
    77 | D        | Found a corrupted altar of Lugonu.
    77 | D        | Found a radiant altar of Vehumet.
    80 | D        | Killed an oklob sapling priest
    80 | D        | Reached skill level 4 in Stealth
    80 | D        | Reached XP level 4. HP: 22/22 MP: 2/5
    92 | D        | Reached skill level 5 in Fighting
    92 | D        | Reached skill level 5 in Stealth
    92 | D        | Reached XP level 5. HP: 26/26 MP: 3/6
   177 | D        | Reached skill level 6 in Stealth
   177 | D        | Reached skill level 1 in Evocations
   180 | D        | Reached skill level 7 in Stealth
   209 | D        | Found Gysme's Weapon Shop.
   209 | D        | Found Luufy's Food Emporium.
   214 | D        | Noticed a burning bush
   214 | D        | Noticed a wandering mushroom
   215 | D        | Noticed a wandering mushroom
   218 | D        | Killed a wandering mushroom
   218 | D        | Reached skill level 10 in Stealth
   218 | D        | Gained mutation: You are covered in thick fur. (AC +2) [Felid growth]
   218 | D        | Reached XP level 6. HP: 31/31 MP: 5/9
   220 | D        | Killed a wandering mushroom
   220 | D        | Reached skill level 12 in Stealth
   220 | D        | Reached skill level 10 in Unarmed Combat
   220 | D        | Reached XP level 7. HP: 34/34 MP: 6/11
   707 | D        | Killed a burning bush
   707 | D        | Reached skill level 13 in Stealth
   707 | D        | Reached skill level 5 in Evocations
   737 | D        | Found Pibeitwu's Food Emporium.
   737 | D        | Found Ytoirasm's Food Shoppe.
  1022 | D        | Noticed a queen bee
  1029 | D        | Killed a queen bee
  1029 | D        | Reached skill level 14 in Stealth
  1029 | D        | Reached XP level 8. HP: 39/39 MP: 10/13
  1146 | D        | Noticed an oklob plant
  1155 | D        | Killed an oklob plant
  1155 | D        | Reached skill level 15 in Stealth
  1298 | D        | Noticed a burning bush
  1315 | D        | Killed a burning bush
  1315 | D        | Reached skill level 16 in Stealth
  1437 | D        | Noticed a burning bush
  1437 | D        | Noticed an oklob plant
  1438 | D        | Noticed a wandering mushroom
  1439 | D        | Killed a burning bush
  1439 | D        | Reached XP level 9. HP: 42/42 MP: 13/16
  1444 | D        | Killed an oklob plant
  1444 | D        | Reached skill level 17 in Stealth
  1448 | D        | Killed a wandering mushroom
  1459 | D        | Noticed a spriggan druid
  1472 | D        | Reached skill level 18 in Stealth
  1475 | D        | Killed a spriggan druid
  1475 | D        | Reached skill level 10 in Evocations
  1493 | D        | Noticed a ghost moth
  1502 | D        | Slain by a ghost moth
  1503 | D        | Reached XP level 8. HP: -2/39 MP: 0/16
  1547 | D        | Slain by a ghost moth
  1548 | D        | Reached XP level 7. HP: 0/35 MP: 0/15
  1586 | D        | Succumbed to a ghost moth's poison

Skill      XL: |  1  2  3  4  5  6  7  8  9 |
---------------+----------------------------+-----
Unarmed Combat | 5 6 7 8 9 10 11 12 | 12.8
Dodging        | 5 6 8 9 |  9.6
Stealth        | 2 4 5 10 12 14 16 18 | 18.6
Fighting       | 4 5 6 |  6.3
Evocations     | 3 4 5 8 10 | 10.1

Action                   |  1- 3 |  4- 6 |  7- 9 || total
-------------------------+-------+-------+-------++-------
Melee: Unarmed           |     9 |     7 |    76 ||    92
       Bite              |     1 |       |    11 ||    12
       Punch             |     1 |       |     5 ||     6
 Abil: Evoke Invisibilit |     1 |     2 |    10 ||    13
  Use: Potion            |       |       |     2 ||     2
 Stab: Sleeping          |     3 |     6 |    10 ||    19
       Invisible         |       |       |     2 ||     2
  Eat: Chunk             |     1 |       |       ||     1
       Meat ration       |       |       |     1 ||     1
Armor: Skin              |       |       |     3 ||     3
Dodge: Dodged            |     4 |     3 |    39 ||    46
